 Dungeon Crawl Stone Soup version 0.27-a0-1565-gad902ab807 (webtiles) character file.

Game seed: 7593712517378379602

91 Leszczynek the Cudgeller (level 4, 0/29 HPs)
             Began as a Human Gladiator on July 16, 2021.
             Was a Follower of Hepliaklqana.
             Slain by a killer bee zombie (6 damage)
             ... on level 3 of the Dungeon.
             The game lasted 00:05:41 (580 turns).

Leszczynek the Cudgeller (Human Gladiator)           Turns: 580, Time: 00:05:41

Health: 0/29       AC:  4    Str: 14    XL:     4   Next: 88%
Magic:  4/4        EV: 12    Int:  9    God:    Hepliaklqana [*.....]
Gold:   67         SH:  0    Dex: 15    Spells: 3/3 levels left

rFire    . . .     SeeInvis .   c - +0 morningstar
rCold    . . .     Faith    .   (no shield)
rNeg     . . .     Spirit   .   b - +0 leather armour
rPois    .         Reflect  .   h - +0 helmet
rElec    .         Harm     .   (no cloak)
rCorr    .         Rampage  .   (no gloves)
Will     .....                  (no boots)
Stlth    +.........             (no amulet)
HPRegen  0.09/turn              (no ring)
MPRegen  0.09/turn              (no ring)

@: no status effects
A: reduced essence
a: Renounce Religion, Recall Ancestor, Ancestor Identity


You were on level 3 of the Dungeon.
You worshipped Hepliaklqana.
Hepliaklqana was aware of your devotion.
You visited 1 branch of the dungeon, and saw 3 of its levels.

You collected 67 gold pieces.

Inventory:

Hand Weapons
 a - a +0 flail
 c - a +0 morningstar (weapon)
Missiles
 d - a throwing net (quivered)
 i - 6 boomerangs
Armour
 b - a +0 leather armour (worn)
 h - a +0 helmet (worn)
Jewellery
 e - an amulet of faith
Scrolls
 f - a scroll of blinking {unknown}
 g - 4 scrolls of identify {unknown}


   Skills:
 - Level 2.0 Fighting
 + Level 5.2 Maces & Flails
 - Level 2.0 Throwing
 - Level 3.0 Dodging


You had 3 spell levels left.
You didn't know any spells.
Your spell library was empty.

Dungeon Overview and Level Annotations

Branches:
Dungeon (3/15)

Altars:
Hepliaklqana


Message History

Found a scroll labelled DOCSI VOGHURU.
You now have 67 gold pieces (gained 10).
g - 3 scrolls labelled DOCSI VOGHURU (gained 1)
There is a stone staircase leading down here.
You climb downwards.
Found a scroll labelled DOCSI VOGHURU.
There is a stone staircase leading up here.
You swap places.
g - 4 scrolls labelled DOCSI VOGHURU (gained 1)
A ball python and a zombie come into view.
Found 8 gold pieces.
The ball python hisses angrily.
Unknown command.
You closely miss the ball python. The ball python misses you.
The ball python barely misses you.
Tochtli barely misses the ball python.
The ball python barely misses you. x2
You completely miss the ball python. The ball python closely misses you.
The ball python grabs you. The ball python constricts you.
Tochtli hits the ball python.
The ball python dies!
You closely miss the killer bee zombie. The killer bee zombie hits you.
Tochtli hits the killer bee zombie.
The killer bee zombie hits Tochtli.
You barely miss the killer bee zombie.
The killer bee zombie is lightly damaged.
The killer bee zombie closely misses you.
Tochtli misses the killer bee zombie.
The killer bee zombie hits you.
You closely miss the killer bee zombie.
The killer bee zombie is lightly damaged.
The killer bee zombie hits you.
* * * LOW HITPOINT WARNING * * *
Tochtli barely misses the killer bee zombie.
The killer bee zombie closely misses you.
Tochtli closely misses the killer bee zombie.
You aren't carrying any potions.
Unknown command.
You aren't carrying any potions.
You swap places.
The killer bee zombie hits you but does no damage.
The killer bee zombie hits you.
You die...

# .. #..
#...
#....####
#...ZR#
#.###@#.#
#<....#
≈≈≈
####..#
≈≈≈ ..#
≈≈≈ .##
≈≈≈ .. .
. .# ≈≈≈
.. ≈≈≈


You could see the friendly Tochtli the ancestor and a killer bee zombie (ally
target).

Vanquished Creatures
  Jessica (D:2)
  An adder (D:2)
  A worm (D:2)
  2 endoplasms (D:2)
  2 giant cockroaches
  A goblin (D:1)
  3 hobgoblins
  A quokka (D:2)
  A ball python (D:2)
  A bat (D:1)
  4 frilled lizards
  A kobold (D:2)
  2 rats
21 creatures vanquished.

Vanquished Creatures (collateral kills)
  A hound (D:2)
  A dart slug (D:2)
  An endoplasm (D:2)
  3 ball pythons
6 creatures vanquished.

Vanquished Creatures (others)
  A fungus (D:2)
  2 plants (D:1)
3 creatures vanquished.

Grand Total: 30 creatures vanquished

Notes
Turn   | Place    | Note
-------+----------+-------------------------------------------
     0 | D:1      | Leszczynek the Human Gladiator began the quest for the Orb.
     0 | D:1      | Reached XP level 1. HP: 16/16 MP: 1/1
   115 | D:1      | Reached XP level 2. HP: 16/22 MP: 2/2
   150 | D:2      | Noticed Jessica
   161 | D:2      | Killed Jessica
   162 | D:2      | Reached skill level 4 in Maces & Flails
   162 | D:2      | Reached XP level 3. HP: 9/27 MP: 3/3
   194 | D:2      | HP: 4/27 [frozen (3)]
   342 | D:2      | Found a faded altar of an unknown god.
   355 | D:2      | Became a worshipper of Hepliaklqana the Forgotten
   355 | D:2      | Reached * piety under Hepliaklqana
   371 | D:2      | Reached XP level 4. HP: 10/29 MP: 4/4
   490 | D:2      | Reached skill level 5 in Maces & Flails
   580 | D:3      | Slain by a killer bee zombie

Illustrated notes

Levels and vault maps discovered:
D:1:      kennysheep_arrival_forest, layout_loops_cross, serial_forest,
          infiniplex_forest_straight_4, infiniplex_forest_clump_diagonal,
          infiniplex_forest_zigzag_1, infiniplex_forest_lined_corner,
          infiniplex_forest_clump_tiny, infiniplex_forest_side_room,
          infiniplex_forest_lined_corner, infiniplex_forest_clump_tiny
D:2:      minmay_general_purpose_star, layout_loops_cross,
          shapermc_ecumenical_altar_acropolis, minmay_crystal_water,
          uniq_jessica
D:3:      wad_crossroads, layout_basic, lemuel_tele_altar, serial_rivers,
          chequers_serial_rivers_large_a, chequers_serial_rivers_micro_d,
          chequers_serial_rivers_small_b, chequers_serial_rivers_micro_c,
          chequers_serial_rivers_micro_a, serial_shops, shop,
          mrwooster_statue_mirror, hangedman_decor_growths

Skill      XL: |  1  2  3  4 |
---------------+-------------+-----
Maces & Flails | 4 5 |  5.2
Fighting       | |  2.0
Throwing       | |  2.0
Dodging        | |  3.0

Action                   |  1- 3 |  4- 6 || total
-------------------------+-------+-------++-------
Melee: Flail             |    45 |    21 ||    66
       Morningstar       |       |     9 ||     9
Throw: Throwing net      |     4 |       ||     4
Invok: Ancestor Identity |     1 |       ||     1
 Stab: Held in net/web   |     1 |       ||     1
Armor: Leather armour    |    11 |    11 ||    22
Dodge: Dodged            |    16 |    20 ||    36

Table legend: (Time is in decaauts)
 A = Elapsed time spent in this place.
 B = Non-inter-level travel time spent in this place.
 C = Inter-level travel time spent in this place.
 D = Time resting spent in this place.
 E = Time spent auto-exploring this place.
 F = Levels seen in this place.
 G = Mean time per level.
                   A        B        C        D        E       F      G
               +--------+--------+--------+--------+--------+-----+--------+
         Total |    633 |    633 |      0 |      0 |      0 |   3 |  211.0 |
       Dungeon |    633 |    633 |      0 |      0 |      0 |   3 |  211.0 |
               +--------+--------+--------+--------+--------+-----+--------+

Top non-repeatable levels by time:
     D:2: 486 daAuts
     D:1: 132 daAuts
     D:3: 15 daAuts
